 Dungeon Crawl Stone Soup version 0.26-a0-639-g72c4674329 (webtiles) character file.

Game seed: 3062958700949720800

0 Gargoyl the Skirmisher (level 1, 0/23 HPs)
             Began as a Gnoll Abyssal Knight on Sept 16, 2020.
             Was a Follower of Lugonu.
             Slain by a starspawn tentacle (3 damage)
             ... attached to a tentacled starspawn
             ... on level 2 of the Abyss.
             The game lasted 00:00:42 (65 turns).

Gargoyl the Skirmisher (Gnoll Abyssal Knight)         Turns: 65, Time: 00:00:43

Health: 0/23       AC:  3    Str: 14    XL:     1   Next: 0%
Magic:  3/3        EV:  9    Int: 14    God:    Lugonu [*.....]
Gold:   16         SH:  0    Dex: 14    Spells: 0/0 levels left

rFire    . . .     SeeInvis .   a - +1 hand axe
rCold    . . .     Faith    .   (no shield)
rNeg     . . .     Spirit   .   b - +0 leather armour
rPois    .         Reflect  .   (no helmet)
rElec    .         Harm     .   (no cloak)
rCorr    .         Rampage  .   (no gloves)
MR       .....                  (no boots)
Stlth    +.........             (no amulet)
HPRegen  0.07/turn              (no ring)
MPRegen  0.08/turn              (no ring)

@: constricted
A: distributed training, fangs 1, strong nose
a: Depart the Abyss, Renounce Religion


You were on level 2 of the Abyss.
You worshipped Lugonu.
Lugonu was aware of your devotion.
You visited 0 branches of the dungeon, and saw 0 of its levels.
You visited the Abyss 1 time.

You collected 16 gold pieces.

Inventory:

Hand Weapons
 a - a +1 hand axe (weapon)
Armour
 b - a +0 leather armour (worn)
Wands
 c - a wand of flame (20)


   Skills:
 + Level 6.4 Fighting
 + Level 0.0 Short Blades
 + Level 0.0 Long Blades
 + Level 4.4 Axes
 + Level 0.0 Maces & Flails
 + Level 0.0 Polearms
 + Level 0.0 Staves
 + Level 0.0 Slings
 + Level 0.0 Bows
 + Level 0.0 Crossbows
 + Level 0.0 Throwing
 + Level 4.4 Armour
 + Level 2.3 Dodging
 + Level 0.0 Stealth
 + Level 0.0 Shields
 + Level 0.0 Unarmed Combat
 + Level 0.0 Spellcasting
 + Level 0.0 Conjurations
 + Level 0.0 Hexes
 + Level 0.0 Summonings
 + Level 0.0 Necromancy
 + Level 0.0 Translocations
 + Level 0.0 Transmutations
 + Level 0.0 Fire Magic
 + Level 0.0 Ice Magic
 + Level 0.0 Air Magic
 + Level 0.0 Earth Magic
 + Level 0.0 Poison Magic
 + Level 4.4 Invocations
 + Level 0.0 Evocations


You couldn't memorise any spells.
You didn't know any spells.
Your spell library was empty.

Dungeon Overview and Level Annotations

Branches:
Dungeon (0/15)

Altars:


Innate Abilities, Weirdness & Mutations

Your experience applies equally to all skills.
You have very sharp teeth.
Your uncanny sense of smell can sniff out nearby items.


Message History

The starspawn tentacle constricts you.
Found 20 gold pieces.
Aiming: Throw Flame
Press: ? - help, Shift-Dir - straight line, f - starspawn tentacle
Aim: a starspawn tentacle (constricting you)
The puff of flame hits the starspawn tentacle but does no damage.
The necromancer shouts!
A hell knight comes into view.
It is wielding a +1 demon blade of flaming.
The starspawn tentacle loses its grip on you.
The tentacle pulls you backwards! The starspawn tentacle grabs you.
* * * LOW HITPOINT WARNING * * *
The starspawn tentacle constricts you.
The hell knight moves out of view.
A starspawn tentacle segment comes into view.
Unknown command.
Aiming: Throw Flame
Press: ? - help, Shift-Dir - straight line, f/p - starspawn tentacle
Aim: a starspawn tentacle The puff of flame hits the starspawn tentacle.
The starspawn tentacle is lightly damaged.
You die...

... . ..## ∆ .#p.p
##.p. #. #...##
#..## ....##
......##....##
..)..........#
#..#....@....# ∆ .
#...ww─...#### ..
....#.│..\###..##. .
........\..X#.....##
##
#..#####.\#│(......#
.#.. #..
..#...V........ ..#.
$.. ......#..##..##.
... .... .........
.....#. #.#
....#...#.#... .


You could see a tentacled starspawn, a hell knight, a necromancer and 2
starspawn tentacles.

Vanquished Creatures (others)
  4 starspawn tentacles (Abyss:2)
4 creatures vanquished.

Notes
Turn   | Place    | Note
-------+----------+-------------------------------------------
     0 | Abyss:1  | Gargoyl the Gnoll Abyssal Knight began the quest for the
                  | Orb.
     0 | Abyss:1  | Reached XP level 1. HP: 23/23 MP: 3/3
    28 | Abyss:2  | Found a corrupted altar of Lugonu.
    39 | Abyss:2  | Noticed a tentacled starspawn
    63 | Abyss:2  | Noticed a hell knight
    63 | Abyss:2  | Noticed a necromancer
    64 | Abyss:2  | Noticed a hell knight
    65 | Abyss:2  | Slain by a starspawn tentacle

Illustrated notes

Levels and vault maps discovered:
Abyss:2:  minivault_19, hangedman_abyss_or_decor_lesser_grid

Action                   || total
-------------------------++-------
Evoke: Wand              ||     7
Dodge: Dodged            ||     1

Table legend: (Time is in decaauts)
 A = Elapsed time spent in this place.
 B = Non-inter-level travel time spent in this place.
 C = Inter-level travel time spent in this place.
 D = Time resting spent in this place.
 E = Time spent auto-exploring this place.
 F = Levels seen in this place.
 G = Mean time per level.
                   A        B        C        D        E       F      G
               +--------+--------+--------+--------+--------+-----+--------+
         Total |     64 |     64 |      0 |      0 |     33 |   2 |   32.0 |
         Abyss |     64 |     64 |      0 |      0 |     33 |   2 |   32.0 |
               +--------+--------+--------+--------+--------+-----+--------+

Top non-repeatable levels by time:
 Abyss:2: 40 daAuts
 Abyss:1: 24 daAuts
